 Dungeon Crawl Stone Soup version 0.30.0-10-gfe55d96785 (webtiles) character file.

Game seed: 13391200806019075376

34 sampeng1 the Insei (level 3, -4/26 HPs)
             Began as a Human Transmuter on May 15, 2023.
             Killed by divine providence
             ... invoked by an orc priest
              (9 damage)
             ... on level 2 of the Dungeon.
             The game lasted 00:04:29 (1208 turns).

sampeng1 the Insei (Human Transmuter)               Turns: 1208, Time: 00:04:30

Health: -4/26      AC:  2    Str: 12    XL:     3   Next: 50%
Magic:  5/6        EV: 12    Int: 13    God:
Gold:   38         SH:  0    Dex: 13    Spells: 3/6 levels left

rFire   . .          .
                       - Unarmed
rCold   . . .        (no shield)
rNeg    . . .        a - +0 robe
rPois   +            (helmet currently unavailable)
rElec   .            (no cloak)
rCorr   .            (no gloves)
SInv    .            (boots currently unavailable)
Will    .....        (no amulet)
Stlth   +            h - ring of poison resistance
HPRegen 0.24/turn    (no ring)
MPRegen 0.10/turn

%: no passive effects
@: appendages (expiring)
A: horns 2, talons 2
a: End Transformation


You were on level 2 of the Dungeon.
You had temporarily grown beastly horns and talons.
You visited 1 branch of the dungeon, and saw 2 of its levels.

You collected 38 gold pieces.

Inventory:

Missiles
 c - 9 poisoned darts (quivered)
Armour
 a - a +0 robe (worn)
Jewellery
 h - a ring of poison resistance (left hand)
Scrolls
 d - a scroll of butterflies {unknown}
 e - a scroll of identify {unknown}
 g - a scroll of immolation {unknown}
 i - a scroll of enchant armour {unknown}
 j - a scroll of blinking {unknown}
Potions
 b - 2 potions of lignification
 f - a potion of might {unknown}
 k - a potion of cancellation {unknown}


   Skills:
 + Level 1.5 Fighting
 + Level 2.3 Dodging
 + Level 3.2 Unarmed Combat
 + Level 2.3 Spellcasting
 + Level 2.4 Transmutations


You had 3 spell levels left.
You knew the following spells:

 Your Spells              Type           Power      Damage    Failure   Level
a - Beastly Appendage     Tmut           14%        N/A       10%         1
b - Wereblood             Tmut           7%         N/A       14%         2

Your spell library contained the following spells:

 Spells                   Type           Power      Damage    Failure   Level
 Spider Form              Tmut/Pois      4%         N/A       41%         3
 Summon Guardian Golem    Hex/Summ       1%         N/A       58%         3
 Ice Form                 Ice/Tmut       4%         N/A       83%         4
 Orb of Destruction       Conj           0%         9d5       100%        7
 Spellforged Servitor     Conj/Summ      0%         N/A       100%        7


Dungeon Overview and Level Annotations

Branches:
Dungeon (2/15)

Altars:


Innate Abilities, Weirdness & Mutations

You have temporarily grown beastly horns and talons.


Message History

The endoplasm hits you.
You hit the endoplasm.
You kill the endoplasm!
An orc priest and 3 orcs come into view.
The orc priest is wielding a +1 mace of draining.
An orc is wielding a +1 vampiric hand axe.
The orc shouts! x3; The orc priest shouts!
You hear a shout!
Casting: Beastly Appendage (safe; 10% risk of failure)
Confirm with . or Enter, or press ? or * to list all spells.
You grow a pair of large bovine horns.
Your feet morph into talons.
The orc closely misses you.
An orc comes into view. It is wielding a +0 club.
The orc shouts!
You closely miss the orc.
The orc hits you with a +1 vampiric hand axe.
The orc closely misses you.
You hit the orc. Your headbutt misses the orc.
The orc is moderately wounded.
The orc hits you with a +1 vampiric hand axe.
You closely miss the orc.
The orc priest calls upon Beogh to heal the orc.
The orc's wounds heal themselves!
The orc hits you with a +1 vampiric hand axe!
You hit the orc. Your headbutt misses the orc.
The orc is heavily wounded.
The orc hits you with a +0 dagger.
The orc hits you with a +1 vampiric hand axe.
You hit the orc.
You kill the orc!
The orc barely misses you.
You closely miss the orc. Your kick misses the orc.
The orc hits you with a +1 vampiric hand axe.
* * * LOW HITPOINT WARNING * * *
The orc hits you with a +0 hand axe.
* * * LOW HITPOINT WARNING * * *
You hit the orc. Your kick misses the orc.
The orc is lightly wounded.
Your transformation is almost over.
The orc priest invokes the aid of Beogh against you.
Beogh smites you!
You die...

#.# ###.###.###
. #.....#....
##. #.....####.
#.. #.....#....
#.# #.....#.##.
#o# #.....#.##.
#o# #######.##.
#o####### #.##.
#@o.....# #>##.
#######.####
#.... #.......#
####.
#.##.#.#.#####.
#.##..###......
#.##...#.######
#.#####.##
#.......#
#########


You could see an orc priest and 3 orcs.

Vanquished Creatures
  A dart slug (D:1)
  An orc (D:2)
  4 ball pythons
  5 bats
  6 endoplasms
  2 goblins (D:2)
  A hobgoblin (D:2)
  2 kobolds (D:1)
  3 frilled lizards (D:1)
  2 rats
27 creatures vanquished.

Notes
Turn   | Place    | Note
-------+----------+-------------------------------------------
     0 | D:1      | sampeng1 the Human Transmuter began the quest for the Orb.
     0 | D:1      | Reached XP level 1. HP: 15/15 MP: 3/3
    94 | D:1      | Reached XP level 2. HP: 14/21 MP: 5/5
   199 | D:1      | Found a faded altar of an unknown god.
   760 | D:2      | Reached XP level 3. HP: 26/26 MP: 6/6
  1134 | D:2      | Learned a level 2 spell: Wereblood
  1208 | D:2      | Killed from afar by an orc priest

Illustrated notes

Levels and vault maps discovered:
D:1:      lemuel_arrival_lava_pool, layout_basic, shapermc_ecumenical_altar_venn
D:2:      layout_loops_cross

Action                     || total
---------------------------++-------
  Melee: Unarmed           ||    91
         Kick              ||     4
         Headbutt          ||     1
   Cast: Beastly Appendage ||     5
   Stab: Sleeping          ||     3
 Armour: Robe              ||    15
  Dodge: Dodged            ||    66
